 Dungeon Crawl Stone Soup version 0.30-a0-799-g109b55a442 (webtiles) character file.

Game seed: 5548363865427844990

13909 Aneyh the Fighter (level 12, -2/76 HPs)
             Began as a Tengu Monk on Feb 19, 2023.
             Was a High Priest of Hepliaklqana.
             Slain by a seven-headed hydra (9 damage)
             ... on level 12 of the Dungeon on Feb 20, 2023.
             The game lasted 00:35:34 (13182 turns).

Aneyh the Fighter (Tengu Monk)                     Turns: 13182, Time: 00:35:35

Health: -2/76      AC:  7    Str: 26    XL:     12   Next: 11%
Magic:  9/13       EV: 15    Int:  9    God:    Hepliaklqana [*****.]
Gold:   1233       SH:  0    Dex: 17    Spells: 8/11 levels left

rFire   + . .      SeeInvis .    b - +0 war axe of the Grinning Wasp {spect, rF+ rN+}
rCold   . . .      Faith    .    (no shield)
rNeg    + . .      Spirit   .    e - +0 troll leather armour
rPois   .          Reflect  .    S - +2 hat {Stlth+}
rElec   .          Harm     .    y - +0 cloak
rCorr   +          Rampage  .    (no gloves)
Will    .....                    (boots unavailable)
Stlth   +++                      (no amulet)
HPRegen 1.12/turn                v - +6 ring of strength
MPRegen 0.13/turn                k - ring of resist corrosion

@: flying quickly and evasively, quick
A: reduced essence, beak, talons 3, nimble flight, strong 1
a: Renounce Religion, Recall Ancestor, Ancestor Identity, Transference, Idealise


You were on level 12 of the Dungeon.
You worshipped Hepliaklqana.
Hepliaklqana was extremely pleased with you.
You visited 2 branches of the dungeon, and saw 14 of its levels.
You also visited: Ossuary.

You collected 1233 gold pieces.

Inventory:

Hand Weapons
 a - a +1 shortbow of draining
 b - the +0 war axe of the Grinning Wasp (weapon) {spect, rF+ rN+}
   (You found it on level 5 of the Dungeon)

   rF:        It protects you from fire.
   rN:        It protects you from negative energy.
 r - a +0 glaive
 F - a +0 trident of freezing
 N - a +1 heavy halberd
 O - the +8 hand axe "Ycrues" {freeze, Contam Will+ Str+3 Int+2}
   (You found it on level 9 of the Dungeon)

   Str:       It affects your strength (+3).
   Int:       It affects your intelligence (+2).
   Contam:    It causes magical contamination when unequipped.
   Will:      It increases your willpower.
 Z - a +0 longbow
Missiles
 B - 25 poisoned darts
 E - a throwing net
 K - 2 boomerangs of dispersal
 Q - a silver boomerang
Armour
 e - a +0 troll leather armour (worn)
 y - a +0 cloak (worn)
 S - a +2 hat of stealth (worn)
 W - a +2 robe of fire resistance
Jewellery
 k - a ring of resist corrosion (right hand)
 v - a +6 ring of strength (left hand)
 H - a ring of willpower
Wands
 A - a wand of mindburst (8)
 G - a wand of charming (10)
 V - a wand of iceblast (6)
Scrolls
 g - 4 scrolls of fog
 j - 3 scrolls of vulnerability {unknown}
 m - 8 scrolls of teleportation
 n - 2 scrolls of immolation {unknown}
 p - 3 scrolls of amnesia
 s - 2 scrolls of fear {unknown}
 z - a scroll of torment {unknown}
 L - a scroll of blinking
 R - a scroll of acquirement {unknown}
 X - a scroll of enchant weapon {unknown}
 Y - a scroll of summoning {unknown}
Potions
 c - 3 potions of might
 d - 3 potions of cancellation
 f - 3 potions of resistance {unknown}
 h - 4 potions of mutation
 i - 6 potions of attraction
 l - 9 potions of curing
 o - 4 potions of berserk rage
 q - 5 potions of brilliance
 x - 5 potions of heal wounds
 C - 3 potions of flight
 I - 2 potions of magic
 J - a potion of lignification {unknown}
 P - 2 potions of ambrosia
 U - 2 potions of haste {unknown}
Miscellaneous
 M - a lightning rod (4/4)


   Skills:
 * Level 14.3 Fighting
 - Level 2.1(8.0) Axes
 - Level 12.0 Polearms
 - Level 7.0 Ranged Weapons
 - Level 3.2 Dodging
 - Level 2.0 Stealth
 * Level 4.6 Summonings


You had 8 spell levels left.
You knew the following spells:

 Your Spells              Type           Power      Damage    Failure   Level
a - Summon Guardian Gole  Hex/Summ       4%         N/A       50%         3

Your spell library contained the following spells:

 Spells                   Type           Power      Damage    Failure   Level
 Foxfire                  Conj/Fire      0%         2x1d4     43%         1
 Shock                    Conj/Air       0%         1d3       43%         1
 Cigotuvi's Dreadful Rot  Necr/Pois/Air  0%         N/A       56%         2
 Ensorcelled Hibernation  Hex/Ice        0%         N/A       56%         2
 Poisonous Vapours        Pois/Air       0%         N/A       56%         2
 Sublimation of Blood     Necr           0%         N/A       56%         2
 Wereblood                Tmut           0%         N/A       56%         2
 Ignite Poison            Fire/Tmut/Pois 0%         N/A       80%         3
 Kindle Blastsparks       Fire/Tloc/Air  0%         2d10      80%         3
 Mephitic Cloud           Conj/Pois/Air  0%         N/A       80%         3
 Spider Form              Tmut/Pois      0%         N/A       80%         3
 Swiftness                Air            0%         N/A       80%         3
 Airstrike                Air            0%         2d(0-16)  99%         4
 Anguish                  Hex/Necr       0%         N/A       99%         4
 Fulminant Prism          Conj/Hex       0%         3d5       99%         4
 Iskenderun's Mystic Bla  Conj/Tloc      0%         2d3       99%         4
 Summon Forest            Summ/Tloc      2%         N/A       99%         5
 Fireball                 Conj/Fire      0%         3d3       100%        5
 Freezing Cloud           Conj/Ice/Air   0%         6-21      100%        5
 Lee's Rapid Deconstruct  Erth           0%         3d4*      100%        5
 Eringya's Noxious Bog    Tmut/Pois      0%         N/A       100%        6
 Starburst                Conj/Fire      0%         6d3       100%        6
 Orb of Destruction       Conj           0%         9d5       100%        7
 Spellforged Servitor     Conj/Summ      2%         N/A       100%        7
 Summon Hydra             Summ           4%         N/A       100%        7


Dungeon Overview and Level Annotations

Branches:
Dungeon (13/15)            Temple (1/1) D:6            Lair (0/5) D:9
    Orc (0/2) D:11        Ossuary (visited)
 Vaults: D:13-14

Altars:
Cheibriados
Dithmenos
Elyvilon
Gozag
Hepliaklqana
Kikubaaqudgha
Makhleb
Nemelex Xobeh
Qazlal
Ru
Sif Muna
Trog
Uskayaw
Wu Jian
Yredelemnul
Zin
The Shining One

Shops:
D:4 *   D:9 (

Annotations:
D:3 3 runed translucent doors, GloriousHammer's ghost, amateur HOMo
D:6 1 runed translucent door, hgbash's ghost, novice OpCj


Innate Abilities, Weirdness & Mutations

Your life essence is reduced to manifest your ancestor. (-10% HP)
You have a beak for a mouth.
You have claws for feet.
Your magical nature lets you fly swiftly and evasively.
Your muscles are strong. (Str +4, Int/Dex -1)


Message History

The five-headed hydra closely misses you.
The five-headed hydra bites you but does no damage.
You fly upwards.
There is a stone staircase leading down here.
The five-headed hydra bites you!
The five-headed hydra bites you but does no damage. x2
The five-headed hydra bites you.
The five-headed hydra barely misses you.
There is a stone staircase leading up here.
A guardian golem appears, shielding your allies.
Senakhtenre is recalled.
You sense an unholy aura.
a - a +1 shortbow of draining (weapon)
You shoot an arrow. The arrow hits the five-headed hydra.
The five-headed hydra is lightly wounded.
You shoot an arrow. The arrow hits the five-headed hydra!
The five-headed hydra is moderately wounded.
Senakhtenre hits the five-headed hydra with a +0 flail!
The five-headed hydra closely misses you.
The five-headed hydra bites you! x2; The five-headed hydra misses you.
The five-headed hydra bites you but does no damage.
Senakhtenre hits the five-headed hydra with a +0 flail!
Senakhtenre hits the five-headed hydra with a +0 flail!
Senakhtenre barely misses the five-headed hydra.
You feel a bond with the +0 war axe of the Grinning Wasp {spect, rF+ rN+}.
b - the +0 war axe of the Grinning Wasp (weapon)
{spect, rF+ rN+} You chop one of the five-headed hydra's heads off!
The four-headed hydra grows two more!
You slash the six-headed hydra! You claw the six-headed hydra!
The six-headed hydra is severely wounded.
Your +0 war axe of the Grinning Wasp {spect, rF+ rN+} hits the six-headed hydra!
Your +0 war axe of the Grinning Wasp {spect, rF+ rN+} hacks one of the six-headed hydra's heads off!
The five-headed hydra grows two more!
The seven-headed hydra bites you!
The seven-headed hydra completely misses you.
The seven-headed hydra bites you! x2
* * * LOW HITPOINT WARNING * * *
The seven-headed hydra bites you!
* * * LOW HITPOINT WARNING * * *
The seven-headed hydra bites you!
You die...

......#...#.......#.........#....
......#...#.......#.........#....
......#####.......####......#..##
.....................########..#
##############.................#
.............#................>#
.............#.................#
.............#........^........#
.............#..@(.............#
####.........'..D..............#
...#.........#.9R..............#
...#.........#.....####'######.#
...+.........#.....#.........#.##
####.........#.....#.........'...
.............#.....#.......###...
.............#.....#.......#.....
#..#######...#.....#######.#.....


You could see the friendly Senakhtenre the knight (sheltered), a seven-headed
hydra (ally target), a friendly guardian golem (summoned) and a friendly +0 war
axe of the Grinning Wasp {spect, rF+ rN+} (summoned, wandering).

Vanquished Creatures
  Josephine (D:11)
  A centaur warrior (D:12)
  A two-headed ogre (D:8)
  A boulder beetle (D:12)
  Lodul (D:12)
  2 deep elf pyromancers
  A manticore (D:7)
  An ugly thing (D:11)
  2 slime creatures (D:12)
  2 trolls
  5 wraiths
  Grum (D:11)
  An acid dragon (D:11)
  A black bear (D:6)
  A sky beast (D:8)
  An orc warrior (D:11)
  A swamp drake (D:11)
  An ice beast (D:6)
  6 ogres
  7 centaurs
  4 wolves (D:11)
  4 kobold brigands
  A phantom (D:5)
  A bullfrog (D:7)
  A gnoll sergeant (D:5)
  5 scorpions
  4 killer bees (D:7)
  2 howler monkeys (D:9)
  A bullfrog zombie (D:4)
  7 orc priests
  2 hounds
  Ijyb (D:5)
  Natasha (thrice) (D:2)
  Terence (D:2)
  3 iguanas
  13 orc wizards
  A hound zombie (D:4)
  8 mummies (Ossuary)
  13 gnolls
  8 adders
  2 white imps (D:7)
  An adder zombie (D:4)
  An adder skeleton (D:4)
  2 worms
  3 dart slugs
  38 orcs
  9 ball pythons
  4 bats
  9 endoplasms
  4 giant cockroaches
  2 gnoll zombies (Ossuary)
  2 hobgoblins
  6 jackals
  4 quokkas
  3 frilled lizards
  3 goblins
  A hobgoblin zombie (Ossuary)
  20 kobolds
  4 orc zombies (Ossuary)
  5 rats
  2 rat zombies (D:6)
246 creatures vanquished.

Vanquished Creatures (collateral kills)
  Gastronok (D:11)
  A skeletal warrior (D:13)
  A hornet (D:9)
  A slime creature (D:13)
  A wraith (D:11)
  A basilisk (D:12)
  An acid dragon (D:11)
  3 orc warriors
  5 ogres (D:12)
  3 centaurs
  A bullfrog (D:8)
  2 killer bees (D:7)
  2 orc wizards
  6 orcs
  5 kobolds
  A hobgoblin zombie (Ossuary)
35 creatures vanquished.

Vanquished Creatures (others)
  3 knights
  An orc (D:11)
  A plant (D:6)
5 creatures vanquished.

Grand Total: 286 creatures vanquished

Notes
Turn   | Place    | Note
-------+----------+-------------------------------------------
     0 | D:1      | Aneyh the Tengu Monk began the quest for the Orb.
     0 | D:1      | Reached XP level 1. HP: 14/14 MP: 2/2
    93 | D:1      | Reached XP level 2. HP: 15/19 MP: 3/3
   497 | D:1      | Reached skill level 4 in Fighting
   675 | D:1      | Found a faded altar of an unknown god.
   677 | D:1      | Upgraded the game from 0.30-a0-793-g160f7cfddd to
                  | 0.30-a0-799-g109b55a442
   873 | D:2      | Reached XP level 3. HP: 24/24 MP: 4/4
  1158 | D:2      | Noticed Terence
  1165 | D:2      | Killed Terence
  1166 | D:2      | Reached XP level 4. HP: 27/30 MP: 5/5
  1224 | D:2      | Reached skill level 5 in Fighting
  1408 | D:2      | Noticed Natasha
  1418 | D:2      | Killed Natasha
  1858 | D:2      | Noticed Natasha
  1869 | D:2      | Killed Natasha
  1870 | D:2      | Gained mutation: Your magical nature lets you fly swiftly
                  | and evasively. [Tengu growth]
  1870 | D:2      | Reached XP level 5. HP: 28/36 MP: 6/6
  1991 | D:2      | Noticed Natasha
  1998 | D:2      | Killed Natasha
  1999 | D:2      | Reached skill level 6 in Fighting
  2467 | D:3      | Found a runed translucent gate.
  2468 | D:3      | Found a runed translucent gate.
  2469 | D:3      | Found a runed translucent gate.
  2470 | D:3      | Noticed GloriousHammer's ghost (amateur HOMo)
  2474 | D:3      | Identified the +5 dagger of the Onslaught {holy, Drain
                  | Dex+4 SInv}
  2664 | D:3      | Reached XP level 6. HP: 38/41 MP: 7/7
  3466 | D:4      | Reached skill level 5 in Polearms
  3466 | D:4      | Reached XP level 7. HP: 13/47 MP: 8/8
  3664 | D:4      | Found a white marble altar of Elyvilon.
  3834 | D:4      | Reached skill level 7 in Fighting
  3938 | D:4      | Found Ruptun's General Store.
  4048 | D:5      | Entered Level 5 of the Dungeon
  4204 | D:5      | Noticed Ijyb
  4334 | D:5      | Killed Ijyb
  4471 | D:5      | Found a snail-covered altar of Cheibriados.
  4572 | D:5      | Identified the +0 war axe of the Grinning Wasp {spect, rF+
                  | rN+}
  4691 | D:5      | Reached XP level 8. HP: 40/53 MP: 9/9
  5239 | D:6      | Found a runed translucent door.
  5241 | D:6      | Noticed hgbash's ghost (novice OpCj)
  5246 | D:6      | Reached skill level 8 in Fighting
  5618 | D:6      | Found a staircase to the Ecumenical Temple.
  5627 | Temple   | Entered the Ecumenical Temple
  5649 | Temple   | Became a worshipper of Hepliaklqana the Forgotten
  5649 | Temple   | Reached * piety under Hepliaklqana
  5649 | Temple   | Reached ** piety under Hepliaklqana
  5650 | Temple   | Remembered your ancestor Senakhtenre as a knight
  5912 | D:6      | Found an ancient bone altar of Kikubaaqudgha.
  6122 | D:7      | Found a hide-covered altar of Uskayaw.
  6189 | D:7      | Reached XP level 9. HP: 53/54 MP: 10/10
  6304 | D:7      | Found a sacrificial altar of Ru.
  6430 | D:7      | Reached skill level 10 in Polearms
  6481 | D:7      | Found an opulent altar of Gozag.
  6939 | D:8      | Noticed a manticore
  6949 | D:7      | Killed a manticore
  7059 | D:8      | Reached skill level 9 in Fighting
  7314 | D:8      | Reached *** piety under Hepliaklqana
  7380 | D:8      | Found a sand-covered staircase.
  7385 | Ossuary  | Entered an ossuary
  7708 | D:8      | Noticed a two-headed ogre
  7728 | D:8      | Killed a two-headed ogre
  7729 | D:8      | Reached XP level 10. HP: 18/61 MP: 11/11
  7915 | D:9      | Found Laput's Weapon Boutique.
  7939 | D:9      | Found a staircase to the Lair.
  8157 | D:8      | Reached skill level 10 in Fighting
  8654 | D:9      | Reached skill level 1 in Axes
  8656 | D:9      | Identified the +8 hand axe "Ycrues" {freeze, Contam Will+
                  | Str+3 Int+2}
  8968 | D:9      | Noticed a deep elf pyromancer
  8974 | D:9      | Killed a deep elf pyromancer
  8975 | D:9      | Reached skill level 1 in Ranged Weapons
  9338 | D:10     | Entered Level 10 of the Dungeon
  9357 | D:10     | Reached **** piety under Hepliaklqana
  9435 | D:10     | Found a stormy altar of Qazlal.
  9484 | D:10     | Gained mutation: Your muscles are strong. (Str +4, Int/Dex
                  | -1) [potion of mutation]
 10063 | D:10     | Reached skill level 11 in Fighting
 10174 | D:10     | Found a burning altar of Makhleb.
 10492 | D:11     | Noticed Gastronok
 10507 | D:11     | Killed Gastronok
 10531 | D:11     | Noticed Grum
 10536 | D:11     | Reached XP level 11. HP: 68/68 MP: 12/12
 10538 | D:11     | Reached skill level 5 in Ranged Weapons
 10543 | D:11     | Reached skill level 12 in Fighting
 10605 | D:11     | Killed Grum
 10619 | D:11     | Noticed a green ugly thing
 10631 | D:11     | Killed a green ugly thing
 10645 | D:11     | Learned a level 3 spell: Summon Guardian Golem
 10799 | D:11     | Found an ornate altar of the Wu Jian Council.
 11115 | D:11     | Noticed Josephine
 11126 | D:11     | Killed Josephine
 11127 | D:11     | Reached skill level 1 in Summonings
 11603 | D:11     | Found a staircase to the Orcish Mines.
 11909 | D:12     | Noticed a deep elf pyromancer
 11926 | D:12     | Killed a deep elf pyromancer
 11968 | D:12     | Reached skill level 13 in Fighting
 12153 | D:12     | Noticed a centaur warrior
 12169 | D:12     | Killed a centaur warrior
 12366 | D:12     | Reached ***** piety under Hepliaklqana
 12528 | D:12     | Noticed a boulder beetle
 12542 | D:12     | Killed a boulder beetle
 12591 | D:12     | Noticed Lodul
 12916 | D:12     | Killed Lodul
 12917 | D:12     | Reached skill level 14 in Fighting
 12917 | D:12     | Reached XP level 12. HP: 69/76 MP: 13/13
 13108 | D:13     | Noticed a six-headed hydra
 13108 | D:13     | Noticed a five-headed hydra
 13182 | D:12     | Slain by a seven-headed hydra

Illustrated notes

Levels and vault maps discovered:
D:1:      lemuel_arrival_behind_the_door_large, layout_loops_ring,
          shapermc_ecumenical_altar_hornbeckon
D:2:      layout_loops_corners, serial_co_window_serial, co_window_paths_a,
          co_window_corner_a, co_window_corner_a, co_window_corner_a,
          co_window_corner_a, co_window_paths_a, co_window_of_opportunity_a,
          co_window_paths_b, co_window_cross_1, co_window_2corner,
          co_window_cross_4, co_window_broadway_a, co_window_2corner,
          co_window_cross_2, co_window_of_opportunity_c,
          co_window_unsneaky_path_e, minmay_hedge_maze, uniq_terence,
          uniq_natasha
D:3:      layout_loops_ring, biasface_ghost_orc_armoury
D:4:      layout_basic, mainiacjoe_overflow_brackets, serial_undead,
          serial_undead_e, serial_undead_b, serial_undead_b, serial_undead_c,
          serial_shops, shop
D:5:      wad_crossroads, layout_basic, lemuel_crystal_altar, uniq_ijyb
D:6:      layout_loops_cross, lemuel_zombie_altar_kikubaaqudgha,
          minmay_temple_entry_stoned_glass, hellmonk_ghost_happy_afterlife,
          serial_bayou_crossing
D:7:      layout_loops_cross, mainiacjoe_overflow_surrounded_room,
          nicolae_uskayaw_dance_hall, mainiacjoe_overflow_tiny_flanked
D:8:      layout_loops_cross, nicolae_ossuary_entry_plus
D:9:      layout_loops_cross, lair_entry_dummy, serial_shops,
          nicolae_stop_n_shop_1
D:10:     layout_loops_corners, lemuel_round_altar,
          mainiacjoe_overflow_alcove_4, nicolae_twisting_strands
D:11:     layout_roguey, erik_orc_1, pdpol_wu_jian_five_deadly_venoms,
          uniq_grum, uniq_gastronok, uniq_josephine
D:12:     layout_irregular_city, uniq_lodul
D:13:     minmay_the_grid_3x2 [minmay_the_grid_plusring,
          minmay_the_grid_armoury, minmay_the_grid_spin_star,
          minmay_the_grid_tiny_cups, minmay_the_grid_box_x,
          minmay_the_grid_prize_shrinking_boxes], layout_stronghold
Temple:   eino_narrow_crystal_temple

Skill      XL: |  1  2  3  4  5  6  7  8  9 10 11 |
---------------+----------------------------------+-----
Fighting       | 4 5 6 7 8 9 11 14 | 14.3
Polearms       | 5 6 9 11 12 | 12.0
Axes           | 2 |  2.1
Ranged Weapons | 4 7 |  7.0
Summonings     | 4 |  4.6
Dodging        | |  3.2
Stealth        | |  2.0

Action                     |  1- 3 |  4- 6 |  7- 9 | 10-12 || total
---------------------------+-------+-------+-------+-------++-------
  Melee: Spear             |    72 |   184 |       |       ||   256
         Kick              |    19 |    53 |    63 |    36 ||   171
         Peck              |    13 |    39 |    43 |    26 ||   121
         Punch             |       |     2 |     4 |       ||     6
         Trident           |       |       |   125 |       ||   125
         War axe           |       |       |    82 |    88 ||   170
         Halberd           |       |       |    12 |    61 ||    73
   Fire: Shortbow          |       |       |       |    92 ||    92
  Throw: Throwing net      |       |     1 |     1 |       ||     2
         Dart              |       |       |     7 |     2 ||     9
   Cast: Summon Guardian G |       |       |       |     3 ||     3
 Invoke: Recall Ancestor   |       |       |     1 |     5 ||     6
         Ancestor Life: Kn |       |       |     1 |       ||     1
         Ancestor Identity |       |       |     1 |       ||     1
    Use: Potion            |       |       |     1 |     1 ||     2
         Scroll            |       |       |       |    14 ||    14
   Stab: Sleeping          |     4 |    11 |     5 |       ||    20
         Held in net/web   |       |     1 |     1 |       ||     2
         Distracted        |       |       |     2 |     2 ||     4
 Armour: Robe              |     1 |    10 |    13 |     7 ||    31
         Troll leather arm |       |       |       |    16 ||    16
  Dodge: Dodged            |    21 |   114 |   154 |   100 ||   389

Table legend: (Time is in decaauts)
 A = Elapsed time spent in this place.
 B = Non-inter-level travel time spent in this place.
 C = Inter-level travel time spent in this place.
 D = Time resting spent in this place.
 E = Time spent auto-exploring this place.
 F = Levels seen in this place.
 G = Mean time per level.
                   A        B        C        D        E       F      G
               +--------+--------+--------+--------+--------+-----+--------+
         Total |  12607 |  12357 |    250 |   2864 |   7346 |  15 |  840.5 |
       Dungeon |  12301 |  12057 |    244 |   2816 |   7159 |  13 |  946.2 |
        Temple |     29 |     23 |      6 |      0 |     15 |   1 |   29.0 |
       Ossuary |    276 |    276 |      0 |     48 |    172 |   1 |  276.0 |
               +--------+--------+--------+--------+--------+-----+--------+

Top non-repeatable levels by time:
     D:3: 1378 daAuts
     D:2: 1368 daAuts
    D:11: 1317 daAuts
    D:10: 1111 daAuts
    D:12: 1104 daAuts
     D:9: 956 daAuts
     D:8: 943 daAuts
     D:5: 915 daAuts
     D:7: 895 daAuts
     D:6: 785 daAuts
     D:1: 704 daAuts
     D:4: 692 daAuts
 Ossuary: 276 daAuts
    D:13: 127 daAuts
  Temple: 29 daAuts
